 Dungeon Crawl Stone Soup version 0.31-a0-233-g139696dc86 (webtiles) character file.

Game seed: 4285411347904887921

119 qw the Shooter (level 4, 0/36 HPs)
             Began as a Minotaur Hexslinger on July 7, 2023.
             Slain by a quokka (3 damage)
             ... on level 4 of the Dungeon.
             The game lasted 00:01:00 (2518 turns).

qw the Shooter (Minotaur Hexslinger)                Turns: 2518, Time: 00:01:01

Health: 0/36       AC:  7    Str: 12    XL:     4   Next: 74%
Magic:  4/4        EV: 11    Int: 10    God:
Gold:   165        SH:  0    Dex: 15    Spells: 4/5 levels left

rFire   + . .        Y - +1 sling
rCold   . . .        (no shield)
rNeg    . . .        g - +2 ring mail {rF+}
rPois   .            (helmet restricted)
rElec   .            (no cloak)
rCorr   .            (no gloves)
SInv    .            (no boots)
Will    .....        (no amulet)
Stlth   +            (no ring)
HPRegen 0.26/turn    (no ring)
MPRegen 0.09/turn

%: no passive effects
@: no status effects
A: horns 2, retaliatory headbutt
a: no special abilities


You were on level 4 of the Dungeon.
You visited 1 branch of the dungeon, and saw 4 of its levels.

You collected 165 gold pieces.


Innate Abilities, Weirdness & Mutations

You have a pair of horns on your head.
You reflexively headbutt those who attack you in melee.


   Skills:
 + Level 2.1 Fighting
 - Level 5.0 Ranged Weapons
 - Level 1.1 Armour
 - Level 2.1 Dodging
 - Level 1.0 Spellcasting
 - Level 2.0 Hexes


You had 4 spell levels left.
You knew the following spells:

 Your Spells              Type           Power      Damage    Failure   Level
a - Slow                  Hex            16%        N/A       34%         1

Your spell library contained the following spells:

 Spells                   Type           Power      Damage    Failure   Level
 Inner Flame              Hex/Fire       2%         N/A       83%         3
 Portal Projectile        Hex/Tloc       4%         N/A       83%         3
 Cause Fear               Hex            2%         N/A       98%         4

Inventory:

Hand Weapons
 Y - a +1 sling (weapon)
Armour
 g - a +2 ring mail of fire resistance (worn)
Scrolls
 b - a scroll of identify
Potions
 a - a potion of enlightenment
 c - a potion of curing

Dungeon Overview and Level Annotations

Branches:
Dungeon (4/15)
 Temple: D:4-7

Altars:


Message History

The quokka twitches its whiskers.
The gnoll hits you from afar with a +0 halberd.
You shoot a sling bullet. The sling bullet hits the gnoll.
The gnoll is moderately wounded.
The gnoll hits you from afar with a +0 halberd.
A gnoll comes into view. It is wielding a +0 whip.
You shoot a sling bullet. The gnoll shouts!
The sling bullet hits the gnoll.
The gnoll is severely wounded.
The gnoll hits you from afar with a +0 halberd!
You shoot a sling bullet.
The sling bullet closely misses the orc.
The sling bullet hits the gnoll.
The gnoll is severely wounded.
The orc hits you with a +0 club. The gnoll closely misses you.
An orc comes into view. It is wielding a +0 whip.
The gnoll hits you but does no damage. The orc hits you with a +0 club.
You shoot a sling bullet.
The sling bullet closely misses the orc.
The sling bullet hits the gnoll.
The gnoll is almost dead.
The quokka bites you. The orc barely misses you. The gnoll misses you.
You shoot a sling bullet.
The sling bullet closely misses the gnoll.
The quokka barely misses you.
The gnoll hits you but does no damage. x2
The orc closely misses you. You furiously retaliate!
You headbutt the orc. The quokka closely misses you.
You shoot a sling bullet.
The sling bullet closely misses the orc.
The sling bullet hits the gnoll but does no damage.
The gnoll is almost dead.
The gnoll hits you but does no damage. The orc misses you.
The gnoll barely misses you. The quokka misses you.
The gnoll closely misses you. The orc hits you but does no damage.
The gnoll misses you.
You shoot a sling bullet. The sling bullet hits the orc!
You kill the orc!
The quokka bites you.
You die...

.. # #. #.
#)#######.
#.#+#.?......
###.....o....#
........g....#
#......)r...#
#.....g@....#
#...........###
#..............
#..............
#..............
####....%.........
.......<.#(.##....
..................
...........###....


You could see 2 gnolls, an orc and a quokka.

Vanquished Creatures
  4 adders
  3 worms
  6 orcs
  9 ball pythons
  An endoplasm (D:1)
  2 giant cockroaches
  9 goblins
  8 hobgoblins
  4 kobolds
  7 quokkas
  5 bats
  3 frilled lizards
  7 rats
68 creatures vanquished.

Notes
Turn   | Place    | Note
-------+----------+-------------------------------------------
     0 | D:1      | qw the Minotaur Hexslinger began the quest for the Orb.
     0 | D:1      | Reached XP level 1. HP: 16/16 MP: 1/1
     0 | D:1      | 0 ||| qw: Version: 0.3-a-46-gb1f654a
     0 | D:1      | 0 ||| qw: Game counter: 3027
     0 | D:1      | 0 ||| qw: Melee chars always use a shield: true
     0 | D:1      | 0 ||| qw: God list: Okawaru
     0 | D:1      | 0 ||| qw: Allow faded altars: false
     0 | D:1      | 0 ||| qw: Do Orc after clearing Dungeon:15 true
     0 | D:1      | 0 ||| qw: Do second Lair branch before Depths: true
     0 | D:1      | 0 ||| qw: Lair rune preference: random
     0 | D:1      | 0 ||| qw: Goals: Normal
     0 | D:1      | 0 ||| PLANNING D:1-11
    79 | D:1      | Reached skill level 3 in Ranged Weapons
    80 | D:1      | Reached XP level 2. HP: 23/23 MP: 2/2
   523 | D:1      | 523 ||| FLEEEEING.
   524 | D:1      | 524 ||| FLEEEEING.
   714 | D:1      | 714 ||| UPGRADING to +0 ring mail.
   724 | D:1      | 724 ||| DROPPING +0 robe.
   725 | D:1      | 725 ||| READING scroll labelled GITATZ KEIN.
   726 | D:1      | 726 ||| DRINKING 2 smoky silvery potions.
   727 | D:1      | 727 ||| DROPPING scroll of poison.
   794 | D:2      | HP: 6/24 [poisoned by an adder]
   795 | D:2      | 795 ||| DRINKING potion of heal wounds.
   797 | D:2      | Reached XP level 3. HP: 26/29 MP: 3/3
   899 | D:2      | Reached skill level 4 in Ranged Weapons
  1124 | D:2      | Reached skill level 1 in Armour
  1377 | D:2      | Reached XP level 4. HP: 36/36 MP: 4/4
  1653 | D:2      | 1653 ||| READING 5 scrolls labelled KIR NAMNATHIPS.
  1654 | D:2      | 1654 ||| READING scroll labelled EGIMAEROOTTO.
  1655 | D:2      | 1655 ||| DRINKING 2 silvery potions.
  1656 | D:2      | 1656 ||| READING 4 scrolls of identify.
  1656 | D:2      | 1656 ||| IDENTIFYING viscous inky potion
  1657 | D:2      | 1657 ||| READING 3 scrolls of identify.
  1657 | D:2      | 1657 ||| IDENTIFYING bubbling clear potion
  1658 | D:2      | 1658 ||| READING 2 scrolls of identify.
  1658 | D:2      | 1658 ||| IDENTIFYING fuming golden potion
  1659 | D:2      | 1659 ||| DROPPING potion of attraction.
  1660 | D:2      | 1660 ||| DROPPING potion of ambrosia.
  1771 | D:3      | HP: 7/36 [orc/+0 whip (5)]
  2447 | D:3      | 2447 ||| UPGRADING to +2 ring mail of fire resistance.
  2457 | D:3      | 2457 ||| DROPPING +0 ring mail.
  2458 | D:3      | 2458 ||| READING scroll labelled NEMAT ABAYDUBE.
  2459 | D:3      | 2459 ||| READING scroll labelled ODAPTYO QAUMALOQ.
  2491 | D:4      | 2491 ||| PLANNING OSSUARY
  2495 | D:4      | Reached skill level 5 in Ranged Weapons
  2510 | D:4      | Noticed an ogre
  2513 | D:4      | HP: 8/36 [gnoll/+0 halberd (12)]
  2514 | D:4      | HP: 3/36 [orc/+0 club (1)]
  2518 | D:4      | Slain by a quokka

Levels and vault maps discovered:
D:1:      minmay_arrival_split_and_join, layout_rooms, serial_rivers,
          chequers_serial_rivers_micro_b, chequers_serial_rivers_micro_c,
          chequers_serial_rivers_micro_a, chequers_serial_rivers_large_b,
          chequers_serial_rivers_large_a
D:2:      layout_basic
D:3:      layout_loops_ring, chequers_arboretum
D:4:      layout_basic, nicolae_dithmenos_the_darkroom,
          mainiacjoe_overflow_paths, nicolae_ossuary_entry_plus,
          minmay_pentomino_pile

Skill      XL: |  1  2  3  4 |
---------------+-------------+-----
Ranged Weapons | 3 4 5 |  5.0
Fighting       | 2 |  2.1
Armour         | 1 |  1.1
Dodging        | |  2.1
Spellcasting   | |  1.0
Hexes          | |  2.0

Action                     |  1- 3 |  4- 6 || total
---------------------------+-------+-------++-------
   Fire: Sling             |   147 |    97 ||   244
    Use: Potion            |     2 |     1 ||     3
         Scroll            |     1 |     7 ||     8
 Armour: Robe              |     4 |       ||     4
         Ring mail         |     7 |    14 ||    21
  Dodge: Dodged            |    45 |    33 ||    78

Table legend:
 A = Non-vault XP
 B = Vault XP
 C = Vault XP percentage of total XP
 D = Non-vault monster count
 E = Vault monster count
 F = Vault count percentage of total count
                 A         B        C        D         E       F
            +---------+---------+-------+---------+---------+-------
      Total |     174 |       0 |   0.0 |      68 |       0 |   0.0
            +---------+---------+-------+---------+---------+-------
        D:1 |      36 |       0 |   0.0 |      23 |       0 |   0.0
        D:2 |      67 |       0 |   0.0 |      24 |       0 |   0.0
        D:3 |      47 |       0 |   0.0 |      16 |       0 |   0.0
        D:4 |      24 |       0 |   0.0 |       5 |       0 |   0.0
            +---------+---------+-------+---------+---------+-------
